 Dungeon Crawl Stone Soup version 0.23.0 (webtiles) character file.

Game seed: 7377995746357714797

1346 Monsterracer the Destroyer (level 8, -7/68 HPs)
             Began as an Ogre Conjurer on Feb 10, 2019.
             Mangled by Harold
             ... wielding a +0 mace
              (23 damage)
             ... on level 7 of the Dungeon.
             The game lasted 00:11:52 (9012 turns).

Monsterracer the Destroyer (Ogre Conjurer)          Turns: 9012, Time: 00:11:53

Health: -7/68      AC:  3    Str: 13    XL:     8   Next: 62%
Magic:  1/18       EV: 10    Int: 18    God:
Gold:   252        SH:  0    Dex:  9    Spells: 9/20 levels left

rFire    . . .     SeeInvis +   a - staff of wizardry (curse) {!a}
rCold    . . .     Gourm    .   (no shield)
rNeg     . . .     Faith    .   C - +0 robe
rPois    .         Spirit   .   (helmet restricted)
rElec    .         Reflect  .   y - scarf {repulsion}
rCorr    .         Harm     .   (gloves unavailable)
MR       .....                  (boots unavailable)
Stlth    +.........             (no amulet)
HPRegen  0.21/turn              S - ring of see invisible
MPRegen  0.16/turn              d - ring of see invisible

@: marked, repel missiles
A: large, unfitting armour, tough skin 1
a: no special abilities


You were on level 7 of the Dungeon.
You were not hungry.

You visited 1 branch of the dungeon, and saw 7 of its levels.

You collected 450 gold pieces.
You spent 198 gold pieces at shops.

Inventory:

Hand Weapons
 p - a +0 spear
 t - a +2 trident of venom
Missiles
 H - a throwing net (quivered) {!f}
Armour
 m - a +2 shield
 o - a +0 shield
 y - a scarf of repulsion (worn)
 C - a +0 robe (worn)
Magical Staves
 a - a cursed staff of wizardry (weapon) {!a}
 E - an uncursed staff of power {unknown}
Jewellery
 d - a ring of see invisible (right hand)
 S - a ring of see invisible (left hand)
Wands
 b - a wand of iceblast (13)
 w - a wand of disintegration (9)
 F - a wand of flame (16)
Scrolls
 e - a scroll of immolation {unknown}
 f - a scroll of identify
 h - 9 scrolls of remove curse
 j - a scroll of magic mapping {unknown}
 k - 3 scrolls of blinking {unknown}
 l - 3 scrolls of fog {unknown}
 q - a scroll of amnesia {unknown}
 r - 4 scrolls of teleportation {!r}
 u - a scroll of enchant armour {unknown}
 v - a scroll of enchant weapon {unknown}
 x - 2 scrolls of fear {unknown}
 G - a scroll of brand weapon {unknown}
Potions
 g - 5 potions of curing
 i - 2 potions of haste
 n - 3 potions of magic
 s - a potion of might
 z - a potion of cancellation
 A - a potion of invisibility
 B - 3 potions of mutation {!q}
 D - a potion of ambrosia {!q}
Comestibles
 c - 12 rations


   Skills:
 + Level 0.9 Fighting
 + Level 2.0 Dodging
 - Level 1.4 Stealth
 + Level 6.8 Spellcasting
 * Level 8.5 Conjurations


You had 9 spell levels left.
You knew the following spells:

 Your Spells              Type           Power        Failure   Level  Hunger
a - Magic Dart            Conj           ####         1%          1    None
b - Searing Ray           Conj           #####.       1%          2    None
c - Fulminant Prism       Conj/Hex       ###.......   8%          4    ####...
d - Iskenderun's Mystic   Conj           #####...     1%          4    ####...

Your spell library contained the following spells:

 Spells                   Type           Power        Failure   Level  Hunger
 Dazzling Spray           Conj/Hex       ###...       2%          3    ##.....
 Force Lance              Conj/Tloc      ###.....     8%          4    ####...


Dungeon Overview and Level Annotations

Branches:
Dungeon (7/15)             Temple (0/1) D:7

Altars:

Shops:
D:5 ?

Annotations:
D:7 Harold


Innate Abilities, Weirdness & Mutations

You are too large for most types of armour.
You have tough skin. (AC +1)


Message History

Casting: Magic Dart (safe; 1% risk of failure)
Confirm with . or Enter, or press ? or * to list all spells.
Aiming: Fulminant Prism (safe; 8% risk of failure)
Press: ? - help, Dir - move target cursor You conjure a prism of explosive energy!
You now have 14/18 mp.
Harold gestures at you while chanting.
The harpoon shot hits your fulminant prism!!
Your fulminant prism detonates feebly.
Casting: Fulminant Prism (safe; 8% risk of failure)
Confirm with . or Enter, or press ? or * to list all spells.
Okay, then.
Casting: Fulminant Prism (safe; 8% risk of failure)
Confirm with . or Enter, or press ? or * to list all spells.
Okay, then.
Casting: Fulminant Prism (safe; 8% risk of failure)
Confirm with . or Enter, or press ? or * to list all spells.
You can't see any susceptible monsters within range! (Use Z to cast anyway.) Harold gestures at you while chanting.
The mark upon you grows brighter.
Casting: Fulminant Prism (safe; 8% risk of failure)
Confirm with . or Enter, or press ? or * to list all spells.
You can't see any susceptible monsters within range! (Use Z to cast anyway.) Harold points at you and mumbles some strange words.
The harpoon shot is repelled.
Casting: Fulminant Prism (safe; 8% risk of failure)
Confirm with . or Enter, or press ? or * to list all spells.
You can't see any susceptible monsters within range! (Use Z to cast anyway.) Unknown command.
Casting: Fulminant Prism (safe; 8% risk of failure)
Confirm with . or Enter, or press ? or * to list all spells.
Aiming: Searing Ray (safe; 1% risk of failure)
Press: ? - help, Shift-Dir - straight line, f - Harold
Aim: Harold, wielding a +0 mace and wearing a +0 scale mail The searing ray hits Harold.
Harold is lightly wounded. (Press . to maintain the ray.) Harold casts a spell at you.
The harpoon shot is repelled.
You now have 13/18 mp.
The searing ray misses Harold.
Harold gestures at you while chanting. The mark upon you grows brighter.
You now have 12/18 mp.
The searing ray misses Harold.
The searing ray hits Harold!
Harold is moderately wounded.
You finish channeling your searing ray.
Harold casts a spell at you. The mark upon you grows brighter.
You now have 11/18 mp.
Casting: Searing Ray (safe; 1% risk of failure)
Confirm with . or Enter, or press ? or * to list all spells.
Aiming: Searing Ray (safe; 1% risk of failure)
Press: ? - help, Shift-Dir - straight line, f/p - Harold
Aim: Harold, wielding a +0 mace and wearing a +0 scale mail (moderately wounded)
The searing ray hits Harold.
Harold is moderately wounded. (Press . to maintain the ray.) Harold casts a spell at you.
The harpoon shot hits you!
You are yanked forward by the harpoon shot.
You take 7 damage, and have 61/68 hp.
You now have 9/18 mp.
Harold says, "Bounty hunting has been great, but I can't wait to retire."
Harold misses you.
Casting: Searing Ray (safe; 1% risk of failure)
Confirm with . or Enter, or press ? or * to list all spells.
Aiming: Searing Ray (safe; 1% risk of failure)
Press: ? - help, Shift-Dir - straight line, f/p - Harold
Aim: Harold, wielding a +0 mace and wearing a +0 scale mail (moderately wounded)
The searing ray misses Harold. (Press . to maintain the ray.)
You now have 7/18 mp.
The searing ray hits Harold.
Harold is moderately wounded.
Harold hits you with a +0 mace!
You take 11 damage, and have 50/68 hp.
You now have 6/18 mp.
The searing ray hits Harold.
Harold is moderately wounded.
Harold hits you with a +0 mace!!
* * * LOW HITPOINT WARNING * * *
You take 21 damage, and have 29/68 hp.
MASSIVE DAMAGE!!
You now have 5/18 mp.
Unknown command.
The searing ray hits Harold!
Harold is heavily wounded.
You finish channeling your searing ray.
Harold hits you with a +0 mace!
* * * LOW HITPOINT WARNING * * *
You take 13 damage, and have 16/68 hp.
Unknown command.
Okay, then.
Casting: Searing Ray (safe; 1% risk of failure)
Confirm with . or Enter, or press ? or * to list all spells.
Okay, then.
Casting: Searing Ray (safe; 1% risk of failure)
Confirm with . or Enter, or press ? or * to list all spells.
Aiming: Iskenderun's Mystic Blast (safe; 1% risk of failure)
Press: ? - help, Shift-Dir - straight line, f/p - Harold
Aim: Harold, wielding a +0 mace and wearing a +0 scale mail (heavily wounded)
The orb of energy misses Harold.
Harold hits you with a +0 mace!!
You die...

########### #.# #..#.......
..........# #.# #..........
#########.# #.# #........@# # #.#
#####.# #......(..# #
##.###.....# #.........# #
######...##.###.# #.........#
###......#......#.#########.#####
#...⌠......##)#.#.##........#
#.......#.##....@@....#######
#.⌠.>.⌠.#.##.#######..#######
#.......#....# #........#
#...⌠...#.#### #.######.#
....#####.# #.#...##.#
..........# #..###.#.#
####.#...## #.## ##..# #.#...#
######.# #..# ###.#...# #...##.##
##..#


You could see Harold.

Vanquished Creatures
  2 phantoms
  A centaur (D:6)
  10 wights (D:7)
  A howler monkey (D:6)
  2 centaur zombies
  2 crimson imps
  4 orc wizards
  A hound (D:6)
  A bullfrog skeleton (D:4)
  2 iguanas
  3 worker ants
  A howler monkey skeleton (D:5)
  6 adders
  3 shadow imps
  3 worms
  2 adder skeletons
  3 dart slugs
  2 leopard geckos
  14 orcs
  6 bats
  6 giant cockroaches
  6 hobgoblins
  13 jackals
  5 kobolds
  3 quokkas
  A ball python (D:1)
  9 frilled lizards
  8 goblins
  A quokka zombie (D:5)
  7 rats
128 creatures vanquished.

Vanquished Creatures (others)
  A fulminant prism (D:7)
1 creature vanquished.

Grand Total: 129 creatures vanquished

Notes
Turn   | Place    | Note
-------+----------+-------------------------------------------
     0 | D:1      | Monsterracer the Ogre Conjurer began the quest for the Orb.
     0 | D:1      | Reached XP level 1. HP: 16/16 MP: 3/3
   434 | D:1      | Reached XP level 2. HP: 24/24 MP: 2/5
   604 | D:1      | Reached skill level 4 in Conjurations
   700 | D:1      | Learned a level 2 spell: Searing Ray
   977 | D:1      | Reached XP level 3. HP: 25/31 MP: 1/7
  2462 | D:2      | Reached XP level 4. HP: 39/39 MP: 6/8
  2762 | D:3      | HP: 19/39 [poisoned by an adder]
  2768 | D:3      | HP: 16/39 [poisoned by an adder]
  2775 | D:3      | HP: 14/39 [poisoned by an adder]
  2782 | D:3      | HP: 13/39 [poisoned by an adder]
  2790 | D:3      | HP: 12/39 [poisoned by an adder]
  3017 | D:3      | Learned a level 4 spell: Iskenderun's Mystic Blast
  3640 | D:4      | Reached skill level 5 in Conjurations
  3640 | D:4      | Reached XP level 5. HP: 36/45 MP: 0/10
  3648 | D:4      | Learned a level 4 spell: Fulminant Prism
  3940 | D:3      | HP: 18/45 [orc wizard/magic dart (7)]
  3947 | D:3      | HP: 8/45 [orc/+0 dagger (1)]
  3978 | D:3      | HP: 10/45 [orc/+0 dagger (3)]
  4769 | D:5      | Entered Level 5 of the Dungeon
  4948 | D:5      | Reached XP level 6. HP: 53/53 MP: 4/12
  4990 | D:4      | HP: 24/53 [orc wizard/+0 dagger (3)]
  5345 | D:5      | Noticed a phantom
  5365 | D:5      | Killed a phantom
  5365 | D:5      | Reached skill level 6 in Conjurations
  5488 | D:5      | Found Zuguungepo's Magic Scroll Emporium.
  5526 | D:5      | Bought a scroll of remove curse for 33 gold pieces
  5526 | D:5      | Bought a scroll of remove curse for 33 gold pieces
  5526 | D:5      | Bought a scroll of teleportation for 33 gold pieces
  5526 | D:5      | Bought a scroll of teleportation for 33 gold pieces
  5526 | D:5      | Bought a scroll of teleportation for 33 gold pieces
  5526 | D:5      | Bought a scroll of remove curse for 33 gold pieces
  5864 | D:5      | Reached skill level 5 in Spellcasting
  5864 | D:5      | Reached XP level 7. HP: 59/59 MP: 10/14
  6424 | D:6      | Reached skill level 7 in Conjurations
  7551 | D:7      | Found a staircase to the Ecumenical Temple.
  7565 | D:7      | Noticed Harold
  7590 | D:7      | HP: 12/59 [Harold/harpoon shot (20)]
  7865 | D:7      | Reached XP level 8. HP: 50/67 MP: 8/17
  8119 | D:7      | Reached skill level 8 in Conjurations
  9010 | D:7      | HP: 29/68 [Harold/+0 mace (21)]
  9012 | D:7      | Mangled by Harold

Skill      XL: |  1  2  3  4  5  6  7  8 |
---------------+-------------------------+-----
Conjurations   | 4 5 6 7 8 |  8.5
Spellcasting   | 3 4 5 6 |  6.8
Dodging        | 2 |  2.0
Fighting       | |  0.9
Stealth        | |  1.4

Action                   |  1- 3 |  4- 6 |  7- 9 || total
-------------------------+-------+-------+-------++-------
Melee: Dagger            |    18 |       |       ||    18
       Spear             |     1 |    55 |    17 ||    73
 Cast: Magic Dart        |    72 |   118 |    85 ||   275
       Searing Ray       |     1 |    10 |    23 ||    34
       Iskenderun's Myst |       |       |     1 ||     1
       Fulminant Prism   |       |       |     1 ||     1
  Use: Scroll            |       |     5 |     4 ||     9
       Potion            |       |       |     1 ||     1
 Stab: Sleeping          |     1 |       |       ||     1
  Eat: Chunk             |     4 |    11 |     5 ||    20
       Ration            |       |       |     2 ||     2
Armor: Robe              |     5 |    28 |    14 ||    47
Dodge: Dodged            |    11 |    57 |    46 ||   114
       Deflected         |       |       |     4 ||     4

Levels and vault maps discovered:
D:1:      tarquinn_simple_flora_water_c, layout_loops_corners, serial_glass,
          glass_columns_a, glass_columns_b, minmay_strange_pillars,
          minmay_tromino_v2
D:2:      layout_basic
D:3:      layout_rooms
D:4:      layout_loops_ring
D:5:      layout_basic, first_ration, serial_shops, shop
D:6:      layout_cave_pods
D:7:      layout_loops_ring, temple_fountains, uniq_harold
